 Dungeon Crawl Stone Soup version 0.17-a0-1485-g22cb0ee (webtiles) character file.

27302 urechis the Martial Artist (level 13, 0/73 HPs)
             Began as a Vine Stalker Monk on July 5, 2015.
             Was a Believer of Jiyva.
             Succumbed to a queen ant's poison
             ... on level 4 of the Lair of Beasts.
             The game lasted 00:51:37 (13234 turns).

urechis the Martial Artist (Vine Stalker Monk)     Turns: 13234, Time: 00:51:38

Health: 0/73       AC:  5    Str: 14    XL:     13   Next: 31%
Magic:  28/30      EV: 22    Int: 11    God:    Jiyva [**....]
Gold:   993        SH:  0    Dex: 21    Spells: 0 memorised, 12 levels left

rFire  . . .     SeeInvis .       - Unarmed
rCold  . . .     Clarity  +     v - +0 leather armour
rNeg   . . .     SustAt   .     (no shield)
rPois  .         Gourm    .     r - +0 helmet
rElec  .         Spirit   +     g - +0 cloak
rCorr  .         Warding  .     (no gloves)
rMut   .         Stasis   .     (no boots)
MR     +....                    S - amulet of clarity
Stlth  ++++......               j - ring of invisibility
                                t - ring of magical power

@: lethally poisoned (0 -> 0), somewhat resistant to hostile enchantments,
stealthy
A: claws 1, fangs 3, repulsion field 1, berserk 1, blink 1, high mp 1,
regeneration 3, magic shield, antimagic bite, no device heal 3, rot immunity
a: Blink, Request Jelly, Jelly Paralyse, Renounce Religion, Evoke Invisibility


You were on level 4 of the Lair of Beasts.
You worshipped Jiyva.
Jiyva was pleased with you.
You were not hungry.

You visited 3 branches of the dungeon, and saw 20 of its levels.
You also visited: Ossuary.

You collected 1021 gold pieces.
You spent 28 gold pieces at shops.

Inventory:

Armour
 g - a +0 cloak (worn)
 r - a +0 helmet (worn)
 v - a +0 leather armour (worn)
Jewellery
 j - a ring of invisibility (right claw)
 t - a ring of magical power (left claw)
 P - an uncursed ring of positive energy
 S - an amulet of clarity (around neck)
Magical devices
 f - a wand of flame (37)
 x - a wand of paralysis (6)
 y - a wand of digging (12)
 T - a wand of paralysis (14)
Scrolls
 a - a scroll of brand weapon {unknown}
 e - a scroll of magic mapping
 h - a scroll of noise {unknown}
 i - 4 scrolls of enchant armour
 l - 4 scrolls of fear
 n - 9 scrolls of remove curse
 p - a scroll of amnesia {unknown}
 w - 4 scrolls of teleportation
 B - 4 scrolls of enchant weapon
 C - 3 scrolls of immolation
 H - 3 scrolls of recharging
 L - a scroll of torment {unknown}
 M - 2 scrolls of blinking
 O - a scroll of silence {unknown}
 V - a scroll of vulnerability {unknown}
Potions
 o - 4 potions of brilliance
 q - 4 potions of haste
 s - 4 potions of might
 z - a potion of cancellation
 E - 2 potions of invisibility
 G - a potion of berserk rage {unknown}
 J - a potion of resistance {unknown}
 K - 3 potions of magic
 N - 2 potions of agility {unknown}
Books
 m - a book of Unlife

   Spells                             Type                      Level
   a - Recall                         Summoning/Translocation      3
   b - Animate Dead                   Necromancy                   4
   c - Control Undead                 Necromancy                   4
   d - Cigotuvi's Embrace             Necromancy                   5
   e - Death Channel                  Necromancy                   6
   f - Simulacrum                     Ice/Necromancy               6
 I - a book of Summonings

   Spells                             Type                      Level
   a - Recall                         Summoning/Translocation      3
   b - Aura of Abjuration             Summoning                    5
   c - Shadow Creatures               Summoning                    5
   d - Summon Demon                   Summoning                    5
   e - Summon Forest                  Summoning/Translocation      5
   f - Summon Mana Viper              Hexes/Summoning              5
 R - a book of Alchemy

   Spells                             Type                      Level
   a - Sublimation of Blood           Necromancy                   2
   b - Ignite Poison                  Fire/Transmutation/Poison    3
   c - Alistair's Intoxication        Transmutation/Poison         4
   d - Condensation Shield            Ice                          4
   e - Petrify                        Transmutation/Earth          4
   f - Irradiate                      Conjuration/Transmutation    5
Comestibles
 b - 9 bread rations
 c - 10 meat rations
 u - 10 fruits
 A - 11 slices of pizza
 Q - 4 beef jerkies
 U - a royal jelly


   Skills:
 + Level 10.8 Fighting
 - Level 3.0 Armour
 + Level 9.6 Dodging
 - Level 8.0 Stealth
 * Level 11.8 Unarmed Combat
 - Level 8.0 Evocations


You had 12 spell levels left.
You didn't know any spells.

Dungeon Overview and Level Annotations

Branches:
Dungeon (11/15)            Temple (1/1) D:5            Lair (8/8) D:11
  Slime (0/6) Lair:8          Orc (0/4) D:11
  Swamp: Lair:3-6    Shoals: Lair:3-6     Snake: Lair:3-6    Spider: Lair:3-6

Altars:
Ashenzari
Cheibriados
Dithmenos
Elyvilon
Fedhas
Gozag
Kikubaaqudgha
Makhleb
Nemelex Xobeh
Okawaru
Qazlal
Ru
Sif Muna
Trog
Vehumet
Xom
Yredelemnul
Zin
The Shining One
Jiyva

Shops:
D:4 [   D:8 (   D:11 *

Portals:
Labyrinth: Lair:8

Annotations:
Lair:2 Harold
Lair:4 Snorg
Lair:5 exclusion: death yak


Innate Abilities, Weirdness & Mutations

You have razor-sharp teeth.
You regenerate.
When hurt, damage is shared between your health and your magic reserves.
Your bite disrupts and absorbs the magic of your enemies.
Potions and wands cannot restore your health.
You are immune to rotting.
You have sharp fingernails.
You are surrounded by a mild repulsion field (EV +2).
You tend to lose your temper in combat.
You can translocate small distances at will.
You have an increased reservoir of magic (+10% MP).


Message History

You feel sick.
* * * LOW HITPOINT WARNING * * *
You feel sick.
Your transformation is almost over.
* * * LOW HITPOINT WARNING * * *
You feel sick.
You feel sick.
You feel sick.
* * * LOW HITPOINT WARNING * * *
You feel sick.
You feel sick.
You feel sick.
You feel sick.
You feel sick.
You feel sick.
You feel sick.
You feel less woody.
Your +0 cloak unmelds from your body.
Your +0 helmet unmelds from your body.
Your +0 leather armour unmelds from your body.
You die...

### #### ######## #######.#####
.#.########.#..P.####.#.##.#..#..
................@.†..............
.###..##.##.....####.###.........
.#########......# #### #.........
..####P###......###.###.a.P##..#.
..##....#PP....###...###...#.....
.###...........###....#....#.#'''
..#####.P.#.....##.....#....##...
.##########...............###†.#.
.#.##.###.P....#.#.....#.##..a###


There were no monsters in sight!

Vanquished Creatures
  Erolcha (D:9)
  A centaur warrior (D:10)
  A queen ant (Lair:4)
  Nergalle (Lair:2)
  An unseen horror (D:10)
  A hill giant (D:10)
  Pikel (D:8)
  A griffon (Lair:5)
  4 black mambas
  7 komodo dragons
  4 spiny frogs
  A troll (D:9)
  4 fire drakes
  13 blink frogs
  Sigmund (D:4)
  A trapdoor spider (D:10)
  A human (D:7)
  2 hogs (D:7)
  2 basilisks
  A wyvern (D:10)
  23 yaks
  A hungry ghost (D:9)
  3 wargs (D:11)
  9 hippogriffs
  3 wolves (Lair:5)
  5 soldier ants (Lair:4)
  Edmund (D:4)
  8 porcupines
  4 water moccasins
  2 sky beasts
  2 slaves (D:8)
  3 wasps
  2 phantoms
  2 orc warriors
  5 ogres
  3 centaurs (D:8)
  6 ice beasts
  The ghost of emiel the Digger, an average DsEE (D:3)
  Blork the orc (D:4)
  12 giant frogs
  8 crocodiles
  A gnoll sergeant (D:10)
  3 scorpions
  4 wights (D:9)
  4 bog bodies (Ossuary)
  5 centaur zombies
  3 crimson imps
  A hound (D:3)
  4 giant frog zombies
  3 jellies
  3 iguanas
  3 orc priests
  4 giant frog skeletons
  7 orc wizards
  A centaur skeleton (D:4)
  Terence (D:2)
  21 worker ants
  7 hell rats (Lair:8)
  2 killer bee zombies
  17 sheep
  A hound zombie (Ossuary)
  A hound skeleton (D:5)
  9 mummies
  15 gnolls
  2 worker ant zombies (Ossuary)
  19 river rats
  11 adders
  3 shadow imps
  3 oozes
  3 adder zombies (Ossuary)
  2 worms
  5 giant geckos
  29 orcs
  2 bat skeletons
  2 bat zombies (Ossuary)
  7 giant cockroaches
  14 hobgoblins
  10 jackals
  15 bats
  A giant cockroach zombie (Ossuary)
  A giant gecko skeleton (D:4)
  3 giant gecko zombies
  5 giant newts
  13 goblins
  2 jackal zombies (Ossuary)
  19 kobolds
  7 quokkas
  A quokka skeleton (D:7)
  A quokka zombie (Ossuary)
  9 rats
  2 fungi (D:10)
  A plant (D:11)
465 creatures vanquished.

Vanquished Creatures (others)
  2 jellies (Lair:4)
  A worker ant (Lair:4)
  13 fungi
  4 plants
20 creatures vanquished.

Grand Total: 485 creatures vanquished

Notes
Turn   | Place    | Note
--------------------------------------------------------------
     0 | D:1      | urechis the Vine Stalker Monk began the quest for the Orb.
     0 | D:1      | Reached XP level 1. HP: 11/11 MP: 2/2
    27 | D:1      | Reached XP level 2. HP: 13/16 MP: 1/3
   194 | D:1      | Reached XP level 3. HP: 3/19 MP: 4/4
   207 | D:1      | Reached skill level 5 in Unarmed Combat
   750 | D:2      | Noticed Terence
   764 | D:1      | Reached XP level 4. HP: 10/23 MP: 2/5
   886 | D:2      | Killed Terence
  1077 | D:2      | Reached skill level 6 in Unarmed Combat
  1288 | D:2      | Found a deep blue altar of Sif Muna.
  1427 | D:3      | Reached XP level 5. HP: 27/27 MP: 6/6
  1550 | D:3      | Noticed emiel's ghost (average DsEE)
  1623 | D:3      | Killed emiel's ghost
  1623 | D:3      | Reached skill level 7 in Unarmed Combat
  1623 | D:3      | Gained mutation: You heal very quickly. [Vine Stalker growth]
  1623 | D:3      | Reached XP level 6. HP: 11/32 MP: 5/7
  1929 | D:3      | Found a burning altar of Makhleb.
  2230 | D:3      | Reached skill level 8 in Unarmed Combat
  2429 | D:3      | Found a radiant altar of Vehumet.
  2432 | D:3      | Found an iron altar of Okawaru.
  2435 | D:3      | Found a shimmering altar of Xom.
  2617 | D:4      | Reached XP level 7. HP: 27/35 MP: 8/8
  2629 | D:4      | Found Abeghohe's Armour Boutique.
  2661 | D:4      | Noticed Sigmund
  2670 | D:4      | Killed Sigmund
  2751 | D:4      | Reached skill level 9 in Unarmed Combat
  2773 | D:4      | Found a stormy altar of Qazlal.
  3067 | D:4      | Noticed Blork the orc
  3076 | D:4      | Killed Blork the orc
  3076 | D:4      | Gained mutation: You have razor-sharp teeth. [Vine Stalker growth]
  3076 | D:4      | Reached XP level 8. HP: 28/39 MP: 9/9
  3113 | D:4      | Noticed Edmund
  3123 | D:4      | Killed Edmund
  3567 | D:5      | Entered Level 5 of the Dungeon
  3605 | D:5      | Reached skill level 10 in Unarmed Combat
  3781 | D:5      | Reached skill level 1 in Armour
  3787 | D:5      | Found a staircase to the Ecumenical Temple.
  3794 | Temple   | Entered the Ecumenical Temple
  4402 | D:5      | Reached XP level 9. HP: 21/46 MP: 7/10
  4549 | D:6      | Reached skill level 5 in Fighting
  4854 | D:7      | Paralysed by a wasp for 2 turns
  4953 | D:7      | Found a blossoming altar of Fedhas.
  5140 | D:7      | Found a sand-covered staircase.
  5151 | Ossuary  | Entered an ossuary
  5706 | D:7      | Found a shimmering altar of Xom.
  5809 | D:7      | Reached skill level 1 in Evocations
  5819 | D:7      | Reached skill level 5 in Dodging
  6032 | D:8      | Found Eluden's Antique Weapon Boutique.
  6052 | D:8      | Reached XP level 10. HP: 43/53 MP: 13/13
  6634 | D:8      | Noticed Pikel
  6648 | D:8      | Killed Pikel
  6902 | D:9      | Noticed Erolcha
  6918 | D:9      | Killed Erolcha
  6918 | D:9      | Reached skill level 5 in Evocations
  7664 | D:10     | Entered Level 10 of the Dungeon
  7876 | D:10     | Reached XP level 11. HP: 56/60 MP: 16/16
  7955 | D:10     | Noticed a hill giant
  7974 | D:10     | Killed a hill giant
  8436 | D:10     | Noticed a centaur warrior
  8447 | D:10     | Killed a centaur warrior
  8557 | D:10     | Killed an unseen horror
  8610 | D:10     | Paralysed by a wasp for 2 turns
  8876 | D:11     | Found Canauru's General Store.
  8881 | D:11     | Bought a scroll of identify for 28 gold pieces
  8897 | D:11     | Found a staircase to the Lair.
  8980 | D:11     | Found a staircase to the Orcish Mines.
  9133 | Lair:1   | Entered Level 1 of the Lair of Beasts
  9806 | Lair:1   | Reached skill level 5 in Stealth
 10255 | Lair:1   | Gained mutation: You regenerate. [Vine Stalker growth]
 10255 | Lair:1   | Reached XP level 12. HP: 55/66 MP: 19/19
 10323 | Lair:1   | Noticed an eight-headed hydra
 10558 | Lair:2   | Noticed Nergalle
 10573 | Lair:2   | Killed Nergalle
 10758 | Lair:2   | Noticed Harold
 10944 | Lair:4   | Noticed Snorg
 11245 | Lair:5   | Noticed a death yak
 11288 | Lair:5   | Reached skill level 10 in Fighting
 11752 | Lair:7   | Noticed a death yak
 11752 | Lair:7   | Noticed a death yak
 11752 | Lair:7   | Noticed a death yak
 12097 | Lair:8   | Entered Level 8 of the Lair of Beasts
 12228 | Lair:8   | Found a staircase to the Slime Pits.
 12228 | Lair:8   | Found a viscous altar of Jiyva.
 12273 | Lair:8   | Reached skill level 11 in Unarmed Combat
 12311 | Lair:8   | Found a labyrinth entrance.
 12313 | Lair:8   | Became a worshipper of Jiyva Jyshrief the Shapeless
 12313 | Lair:8   | Acquired Jiyva's first power
 12313 | Lair:8   | Acquired Jiyva's second power
 12337 | Lair:8   | Noticed a death yak
 12344 | Lair:8   | Noticed a death yak
 12344 | Lair:8   | Noticed a death yak
 12345 | Lair:8   | Noticed a death yak
 12366 | Lair:7   | Reached XP level 13. HP: 55/72 MP: 20/20
 12574 | Lair:4   | HP: 3/72 [yak (6)]
 12576 | Lair:4   | HP: 1/72 [poisoned by a spiny frog]
 12827 | Lair:4   | Gained mutation: You can translocate small distances at will. [potion of mutation]
 12827 | Lair:4   | Gained mutation: You have an increased reservoir of magic (+10% MP). [potion of mutation]
 12828 | Lair:4   | Gained mutation: You have sharp fingernails. [potion of mutation]
 12828 | Lair:4   | Gained mutation: You tend to lose your temper in combat. [potion of mutation]
 12829 | Lair:4   | Gained mutation: You are surrounded by a mild repulsion field (EV +2). [potion of mutation]
 13073 | Lair:4   | Noticed a queen ant
 13209 | Lair:4   | Killed a queen ant
 13223 | Lair:4   | HP: 5/109 [poisoned by a queen ant]
 13227 | Lair:4   | HP: 2/109 [poisoned by a queen ant]
 13232 | Lair:4   | HP: 2/109 [poisoned by a queen ant]
 13234 | Lair:4   | Succumbed to a queen ant's poison

Vault maps used:
D:1:      roderic_crossed_star
D:2:      lemuel_blue_sif_altar, first_bread, uniq_terence
D:3:      makhleb_heckhound_becter, grunt_temple_overflow_diamond, serial_glass,
          glass_columns_b, glass_columns_b, due_unseen_surprise,
          minmay_strange_pillars, minmay_strange_pillars
D:4:      nicolae_qazlal_general_emergency, serial_shops, shop, uniq_edmund,
          uniq_blork_the_orc, uniq_sigmund
D:5:      temple_statues
D:6:      st_stairs_6
D:7:      overflow_temple_1_default, gup_ossuary_entry_pyramid, grunt_livestock,
          tgw_xom
D:8:      serial_shops, nicolae_shop_overgrown_old_shop, uniq_pikel
D:9:      uniq_erolcha
D:10:     minmay_gold_behind_fungi
D:11:     david_lair_shrubbed, minmay_orc_entry_guard_dogs, serial_shops,
          nicolae_shop_stone, nicolae_shop_behind_doors,
          portal_ice_cave_entry_ice_beasts, laboratory
Temple:   circular_temple_12
Lair:1:   serial_bayou_pond_e, serial_bayou_pond_a
Lair:2:   serial_bayou_shore_a, uniq_harold, uniq_nergalle
Lair:3:   swamp_mist_pool, guppyfry_snake_entry_island, grunt_megastairs_3,
          uniq_maud, uniq_fannar
Lair:4:   zaba_antful_of_joy, uniq_snorg
Lair:6:   zaba_anthole, tgw_fedhas, uniq_rupert
Lair:7:   roderic_lost_polar_bear, grunt_megastairs_5
Lair:8:   wormcave, slime_altar_1, lab_entry_generic
Ossuary:  ossuary_zaba_flooded

Action                   |  1- 3 |  4- 6 |  7- 9 | 10-12 | 13-15 || total
-------------------------+-------+-------+-------+-------+-------++-------
Melee: Unarmed           |    93 |   185 |   454 |   981 |   200 ||  1913
 Abil: Blink             |       |       |       |       |     1 ||     1
Evoke: Wand              |       |       |     1 |     1 |       ||     2
  Use: Scroll            |       |     2 |     2 |    17 |     1 ||    22
       Potion            |       |       |     2 |     6 |    12 ||    20
 Stab: Sleeping          |     3 |     9 |    12 |    19 |     4 ||    47
       Distracted        |     1 |       |       |     3 |       ||     4
       Paralysed         |       |       |       |     9 |       ||     9
  Eat: Chunk             |       |     5 |    12 |    23 |     2 ||    42
